 Dungeon Crawl Stone Soup version 0.31.0-12-g77e489cdc1 (webtiles) character file.

Game seed: 8977866491026451540

194 lonewolfV2 the Trooper (level 6, -13/50 HPs)
             Began as a Formicid Fighter on Feb 12, 2024.
             Mangled by an ogre
             ... wielding a +0 giant club
              (28 damage)
             ... on level 3 of the Dungeon.
             The game lasted 00:03:35 (1855 turns).

lonewolfV2 the Trooper (Formicid Fighter)           Turns: 1855, Time: 00:03:36

Health: -13/50     AC:  9    Str: 21    XL:     6   Next: 3%
Magic:  8/8        EV:  8    Int:  7    God:
Gold:   84         SH: 10    Dex: 15    Spells: 5/5 levels left

rFire   . . .        a - +0 war axe
rCold   . . .        c - +0 buckler
rNeg    . . .        o - +0 chain mail
rPois   .            (helmet unavailable)
rElec   .            (no cloak)
rCorr   .            (no gloves)
SInv    +            (no boots)
Will    .....        l - amulet of reflection Stlth
                     (no ring)
HPRegen 0.28/turn    (no ring)
MPRegen 0.11/turn

%: reflection
@: mighty
A: permanent stasis, dig shafts and tunnels, antennae 3, four strong arms
a: Dig, Shaft Self


You were on level 3 of the Dungeon.
You visited 1 branch of the dungeon, and saw 3 of its levels.

You collected 84 gold pieces.

Inventory:

Hand Weapons
 a - a +0 war axe (weapon)
 n - a +2 spear of freezing
Armour
 b - a +0 scale mail
 c - a +0 buckler (worn)
 o - a +0 chain mail (worn)
Jewellery
 e - an amulet of regeneration
 l - an amulet of reflection (around neck)
Scrolls
 f - 2 scrolls of identify
 g - a scroll of butterflies
 h - 2 scrolls of amnesia
Potions
 i - a potion of brilliance
 j - a potion of cancellation
 k - 3 potions of heal wounds {unknown}
 m - a potion of mutation {unknown}


   Skills:
 + Level 4.8 Fighting
 - Level 2.0 Axes
 + Level 4.7 Armour
 - Level 4.0 Shields
 + Level 3.3 Invocations


You had 5 spell levels left.
You didn't know any spells.
Your spell library contained the following spells:

 Spells                   Type           Power      Damage    Failure   Level
 Sandblast                Erth           0%         2d4       98%         1
 Passwall                 Erth           0%         N/A       100%        3
 Stone Arrow              Conj/Erth      0%         3d7       100%        3
 Brom's Barrelling Bould  Conj/Erth      0%         2d3       100%        4


Dungeon Overview and Level Annotations

Branches:
Dungeon (3/15)

Altars:


Innate Abilities, Weirdness & Mutations

You cannot be hasted, slowed, berserked, paralysed or teleported.
You can dig through walls and to a lower floor.
You have a pair of large antennae on your head. (SInv)
Your four strong arms can wield two-handed weapons with a shield.


Message History

The orc wizard is almost dead.
The orc wizard hits you but does no damage.
You closely miss the orc wizard.
The orc wizard is almost dead.
The orc wizard hits you but does no damage.
The orc wizard hits you with a +0 dagger.
You slash the orc wizard!
You kill the orc wizard!
You have reached level 6!
You hit the orc but do no damage. You block the orc's attack. x2
You closely miss the orc. The orc closely misses you.
You hit the orc but do no damage. You block the orc's attack. x2
You hit the orc.
The orc is almost dead.
The orc completely misses you.
You closely miss the orc.
The orc is almost dead.
The orc hits you with a +0 flail!
Unknown command.
You hit the orc but do no damage.
The orc is almost dead.
You block the orc's attack. x2
You slash the orc!
You kill the orc!
You feel very mighty all of a sudden. The orc hits you but does no damage.
You barely miss the orc. The orc hits you but does no damage.
You block the orc's attack.
You slash the orc!
You kill the orc!
You barely miss the ogre. The ogre hits you with a +0 giant club.
You closely miss the ogre.
The ogre hits you with a +0 giant club!!
Ouch! That really hurt!
* * * LOW HITPOINT WARNING * * *
You slice the ogre!!
The ogre is severely wounded.
The ogre hits you with a +0 giant club!!
Ouch! That really hurt!
You die...

#.# #.########. #.# #.#
#. #.# #.# #. #.# #.#
######. #######[######.#
#...... ...............#
#.##.#. ##
#######.##########.##.#.
. #.# #........ #@#
#.#.##.## #O# #.##.##
#.# #...... #.# ####.##
,..# #.# #.# ###.# ...,
#...## ..# #.. #.....
#.# ######


You could see an ogre.

Vanquished Creatures
  Terence (D:2)
  An orc wizard (D:3)
  3 adders
  3 gnolls (D:3)
  2 dart slugs
  2 ribbon worms
  5 orcs (D:3)
  2 ball pythons
  7 endoplasms
  4 giant cockroaches
  9 goblins
  7 hobgoblins
  6 kobolds
  4 quokkas
  5 bats
  7 frilled lizards
  4 rats
72 creatures vanquished.

Notes
Turn   | Place    | Note
-------+----------+-------------------------------------------
     0 | D:1      | lonewolfV2 the Formicid Fighter began the quest for the
                  | Orb.
     0 | D:1      | Reached XP level 1. HP: 18/18 MP: 1/1
    85 | D:1      | Reached XP level 2. HP: 24/24 MP: 2/2
   142 | D:1      | Reached skill level 1 in Invocations
   312 | D:1      | Found a faded altar of an unknown god.
   321 | D:1      | Reached XP level 3. HP: 28/30 MP: 3/3
  1019 | D:2      | Noticed Terence
  1036 | D:2      | Killed Terence
  1037 | D:2      | Reached XP level 4. HP: 26/37 MP: 5/5
  1367 | D:2      | Reached XP level 5. HP: 38/43 MP: 6/6
  1834 | D:3      | Noticed an ogre
  1843 | D:3      | Reached XP level 6. HP: 49/50 MP: 8/8
  1855 | D:3      | Mangled by an ogre

Illustrated notes

Levels and vault maps discovered:
D:1:      scummos_arrival_hexagon, layout_basic, chequers_ecumenical_altar_lobes
D:2:      layout_loops_ring, uniq_terence
D:3:      layout_loops_ring

Skill      XL: |  1  2  3  4  5 |
---------------+----------------+-----
Invocations    | 1 2 3 |  3.3
Fighting       | 4 |  4.8
Armour         | 4 |  4.7
Axes           | |  2.0
Shields        | |  4.0

Action                     |  1- 3 |  4- 6 || total
---------------------------+-------+-------++-------
  Melee: War axe           |   111 |   129 ||   240
    Use: Scroll            |     4 |     3 ||     7
         Potion            |       |     1 ||     1
 Armour: Scale mail        |    82 |    65 ||   147
         Chain mail        |       |    13 ||    13
         Skin              |       |     6 ||     6
  Dodge: Dodged            |    52 |    62 ||   114
  Block: Buckler           |    39 |    46 ||    85
